 Dungeon Crawl Stone Soup version 0.10.0-21-g6e717ff character file.

246 Xgamer4 the Chucker (level 5, -5/35 HPs)
             Began as a Human Enchanter on Mar 11, 2012.
             Slain by Crazy Yiuf
             ... wielding a +3,+2 quarterstaff of chaos
              (6 damage)
             ... on Level 3 of the Dungeon.
             The game lasted 00:10:25 (3184 turns).

Xgamer4 the Chucker (Human Enchanter)               Turns: 3184, Time: 00:10:25

HP  -5/35        AC  3     Str 10      XL: 5   Next:  6%
MP   8/8         EV 12     Int 15      God:
Gold 143         SH  0     Dex 14      Spells:  1 memorised,  5 levels left

Res.Fire  : . . .   See Invis. : .   a - +1,+2 dagger {=f}
Res.Cold  : . . .   Warding    : . . b - +1 robe
Life Prot.: . . .   Conserve   : .   (no shield)
Res.Acid. : . . .   Res.Corr.  : .   (no helmet)
Res.Poison: +       Clarity    : .   (no cloak)
Res.Elec. : .       Spirit.Shd : .   (no gloves)
Sust.Abil.: . .     Stasis     : .   (no boots)
Res.Mut.  : .       Ctrl.Telep.: .   (no amulet)
Res.Rott. : .       Levitation : .   t - ring of poison resistance
Saprovore : . . .   Ctrl.Flight: .   g - +1 ring of strength

@: slightly resistant to hostile enchantments, fairly stealthy
A: no striking features
a: no special abilities


You were on level 3 of the Dungeon.
You were not hungry.

You visited 1 branch of the dungeon, and saw 3 of its levels.

You collected 123 gold pieces.

Inventory:

Hand weapons
 a - a +1,+2 dagger (weapon) {=f}
Missiles
 h - 22 +3 sling bullets
 l - 61 +0 sling bullets
Armour
 b - a +1 robe (worn)
Comestibles
 f - 3 bread rations
 s - a meat ration
Scrolls
 e - 2 scrolls of identify
 j - a scroll of teleportation {unknown}
 k - a scroll of magic mapping {unknown}
 m - a scroll of curse jewellery {unknown}
 n - 3 scrolls of remove curse
 o - a scroll of fear {unknown}
 r - a scroll of enchant weapon I {unknown}
 u - 2 scrolls of detect curse {unknown}
Jewellery
 g - a +1 ring of strength (left hand)
 t - a ring of poison resistance (right hand)
Potions
 d - a potion of slowing {unknown}
 i - a potion of heal wounds {unknown}
 p - a potion of mutation {unknown}
 q - 2 potions of curing {unknown}
 v - a potion of cure mutation {unknown}
Books
 c - a book of Maledictions

   Spells                             Type                      Level
   *Corona                            Hexes                        1
   Sure Blade                         Hexes/Charms                 2
   Ensorcelled Hibernation            Hexes/Ice                    2
   Confuse                            Hexes                        3
   Enslavement                        Hexes                        4
   Invisibility                       Hexes                        6


   Skills:
 + Level 0.5 Fighting
 + Level 2.4 Short Blades
 + Level 3.9 Throwing
 - Level 2.0 Dodging
 - Level 2.0 Stealth
 + Level 2.0 Stabbing
 + Level 0.8 Traps & Doors
 + Level 1.1 Spellcasting
 + Level 3.7 Hexes


You had 5 spell levels left.
You knew the following spells:

 Your Spells              Type           Power        Failure   Level  Hunger
a - Corona                Hex            ###.....     8%          1    Strawberry

Dungeon Overview and Level Annotations

Branches:
Dungeon (3/27)

Altars:

Annotations
D:3 Crazy Yiuf


Message History

You slash Crazy Yiuf but do no damage.
Crazy Yiuf hits you with a quarterstaff of chaos!
You puncture Crazy Yiuf.
Crazy Yiuf is lightly wounded.
Crazy Yiuf hits you with a quarterstaff of chaos.
You feel drained.
You barely miss Crazy Yiuf.
Crazy Yiuf is lightly wounded.
You puncture Crazy Yiuf.
Crazy Yiuf is moderately wounded.
Crazy Yiuf hits you with a quarterstaff of chaos!
* * * LOW HITPOINT WARNING * * *
Crazy Yiuf draws strength from your injuries!
Crazy Yiuf yells, "Shadow!"
Crazy Yiuf whimpers, "Whippet down disdain!"
Crazy Yiuf hits you with a quarterstaff of chaos!
* * * LOW HITPOINT WARNING * * *
There is a stone staircase leading down here.
Crazy Yiuf hits you with a quarterstaff of chaos.
You die...

#.....# ### ##'####
#♣♣♣♣♣♣ #.# ###♣♣♣♣♣♣♣♣
#)# ##....♣.♣♣♣###
#####'#####......♣..♣#..
#...............♣♣♣♣.'..
#.........#....♣♣♣♣♣♣#..
#....)..g.#.##♣♣♣♣♣♣♣###
#......@..'.##♣♣♣
#.........###
#.........# ##'########
#....# ####.## #..##
##..# #+##### ###.##
.......#


You could see Crazy Yiuf.

Vanquished Creatures
  2 adders
  2 giant mites (D:3)
  4 giant geckos
  2 orcs (D:3)
  14 bats
  6 giant cockroaches
  9 goblins
  7 hobgoblins
  7 kobolds
  A quokka (D:3)
  2 ball pythons
  3 giant newts
  7 jackals
  10 rats
76 creatures vanquished.

Vanquished Creatures (others)
  4 toadstools (D:3)
4 creatures vanquished.

Grand Total: 80 creatures vanquished

Notes
Turn   | Place    | Note
--------------------------------------------------------------
     0 | D:1      | Xgamer4, the Human Enchanter, began the quest for the Orb.
     0 | D:1      | Reached XP level 1. HP: 13/13 MP: 3/3
   318 | D:1      | Reached XP level 2. HP: 16/19 MP: 4/4
  1004 | D:2      | Reached XP level 3. HP: 24/24 MP: 5/5
  1570 | D:2      | Reached XP level 4. HP: 28/30 MP: 7/7
  2105 | D:3      | Found a glowing drain.
  2640 | D:3      | Reached XP level 5. HP: 26/35 MP: 8/8
  3162 | D:3      | Noticed Crazy Yiuf
  3183 | D:3      | HP: 1/35 [Crazy Yiuf/quarterstaff of chaos (11)]
  3184 | D:3      | Slain by Crazy Yiuf
